AoeStats
← LostBard

Arena

505924513Analyzed
1v1 RM · 22d ago on Sep 11, 2026· 42m 46s· 2 players
Game mode
Random Map
Map size
Tiny (2 player)
Population
200
Speed
Normal
Resources
Standard
Victory
Conquest
Starting age
Dark Age
Ending age
Imperial Age
RankedLock teamsTeams togetherTeam positionsShared explorationLock speedFull tech treeHidden civsTurbo modeCheats
Victory
Defeat
🇺🇸 Ethiopians · United States
887
+15
🇺🇸 Turks · United States
868
-15
LostBard
5:05 Loom
10:18 Feudal Age
11:50 Wheelbarrow
11:21 Double-Bit Axe
14:41 Fletching
16:24 Scale Mail Armor
17:29 Town Watch
20:09 Forging
20:14 Bloodlines
23:47 Castle Age
22:05 Horse Collar
22:18 Arson
22:50 Scale Barding Armor
22:58 Gold Mining
22:58 Stone Mining
24:57 Chain Barding Armor
25:23 Hand Cart
25:40 Bow Saw
26:24 Husbandry
27:13 Town Patrol
29:42 Gold Shaft Mining
29:07 Bodkin Arrow
30:47 Iron Casting
40:05 Imperial Age
InhumaneToaster
5:10 Loom
10:55 Feudal Age
15:28 Castle Age
15:02 Fletching
15:12 Padded Archer Armor
16:30 Bodkin Arrow
16:50 Leather Archer Armor
17:26 Double-Bit Axe
17:26 Horse Collar
22:54 Wheelbarrow
22:22 Crossbowman
25:45 Bow Saw
26:28 Ballistics
27:13 Heavy Plow
29:24 Hand Cart
33:22 Imperial Age
32:33 Husbandry
34:02 Thumb Ring
34:29 Bracer
35:03 Conscription
36:04 Two-Man Saw
36:13 Chemistry
35:58 Arbalester
37:23 Heavy Camel Rider
38:39 Ring Archer Armor
38:47 Light Cavalry
39:53 Forging
39:48 Scale Barding Armor
40:50 Hussar
Connection lost

Rejoining the realm…

Still unreachable

The connection could not be restored.

Session expired

The server has moved on; the page needs a fresh start.